 Dungeon Crawl Stone Soup version 0.30-a0-743-gbfdf073431 (webtiles) character file.

Game seed: 15661773878522555396

28 Crownlay the Digger (level 3, -1/19 HPs)
             Began as a Gargoyle Earth Elementalist on Feb 5, 2023.
             Slain by a gnoll
             ... wielding a +0 spear
              (2 damage)
             ... on level 2 of the Dungeon.
             The game lasted 00:00:58 (1047 turns).

Crownlay the Digger (Gargoyle Earth Elementalist)   Turns: 1047, Time: 00:00:59

Health: -1/19      AC:  6    Str: 11    XL:     3   Next: 14%
Magic:  1/6        EV: 11    Int: 17    God:
Gold:   96         SH:  0    Dex: 10    Spells: 5/6 levels left

rFire   . . .      SeeInvis .    i - +4 dagger
rCold   . . .      Faith    .    (no shield)
rNeg    + . .      Spirit   .    a - +0 robe
rPois   ∞          Reflect  .    (no helmet)
rElec   +          Harm     .    l - +0 cloak
rCorr   .          Rampage  .    (no gloves)
Will    .....                    (no boots)
Stlth   ++                       (no amulet)
HPRegen 0.23/turn                (no ring)
MPRegen 0.10/turn                (no ring)

@: no status effects
A: sickness immunity, AC +3, negative energy resistance 1, electricity
resistance, torment resistance 1, petrification resistance
a: no special abilities


You were on level 2 of the Dungeon.
You visited 1 branch of the dungeon, and saw 2 of its levels.

You collected 96 gold pieces.

Inventory:

Hand Weapons
 i - a +4 dagger (weapon)
Armour
 a - a +0 robe (worn)
 l - a +0 cloak (worn)
Scrolls
 e - a scroll of immolation {unknown}
 f - a scroll of silence {unknown}
 j - a scroll of torment {unknown}
 k - a scroll of poison {unknown}
 m - a scroll of vulnerability {unknown}
Potions
 b - a potion of magic
 c - 2 potions of curing {unknown}
 d - a potion of invisibility {unknown}
 g - a potion of lignification {unknown}
 h - 2 potions of brilliance {unknown}


   Skills:
 - Level 1.5 Dodging
 - Level 2.1 Stealth
 - Level 2.0 Spellcasting
 - Level 0.7 Transmutations
 + Level 5.1 Earth Magic


You had 5 spell levels left.
You knew the following spells:

 Your Spells              Type           Power      Damage    Failure   Level
a - Sandblast             Erth           38%        2d10      2%          1

Your spell library contained the following spells:

 Spells                   Type           Power      Damage    Failure   Level
 Passwall                 Tmut/Erth      9%         N/A       9%          2
 Stone Arrow              Conj/Erth      20%        3d8       21%         3
 Ozocubu's Armour         Ice            1%         N/A       50%         3
 Petrify                  Tmut/Erth      11%        N/A       50%         4
 Ozocubu's Refrigeration  Ice            0%         4d7       100%        7


Dungeon Overview and Level Annotations

Branches:
Dungeon (2/15)

Altars:


Innate Abilities, Weirdness & Mutations

You are immune to sickness and miasma.
Your stone body is resilient. (AC +3)
You are immune to poison.
You resist negative energy. (rN+)
You are resistant to electric shocks. (rElec)
You are resistant to unholy torment.
You are immune to petrification.


Message History

You can't see any susceptible monsters within range! (Use Z to cast anyway.)
Found a mace.
Found 4 stones.
A gnoll comes into view. It is wielding a +0 spear.
A gnoll is nearby!
Found 18 gold pieces and a scroll labelled IGUPOGEHEHO.
A gnoll comes into view. It is wielding a +0 spear.
The blast of sand hits the gnoll but does no damage.
The gnoll shouts!
A gnoll comes into view. It is wielding a +0 club.
The gnoll hits you from afar with a +0 spear.
The blast of sand hits the gnoll.
The gnoll is lightly wounded.
The gnoll shouts!
The gnoll hits you from afar with a +0 spear.
The blast of sand misses the gnoll.
The gnoll hits you from afar with a +0 spear. x2
* * * LOW HITPOINT WARNING * * *
You are too injured to fight recklessly!
You are too injured to fight recklessly!
Casting: Sandblast (safe; 2% risk of failure)
Confirm with . or Enter, or press ? or * to list all spells.
Aiming: Sandblast (safe; 2% risk of failure)
Press: ? - help, Shift-Dir - straight line, f/p - gnoll
Aim: a gnoll, wielding a +0 spear (lightly wounded, 84% to hit)
The blast of sand hits the gnoll.
The gnoll is heavily wounded.
The gnoll hits you from afar with a +0 spear.
* * * LOW HITPOINT WARNING * * *
Casting: Sandblast (safe; 2% risk of failure)
Confirm with . or Enter, or press ? or * to list all spells.
Aiming: Sandblast (safe; 2% risk of failure)
Press: ? - help, Shift-Dir - straight line, f/p - gnoll
Aim: a gnoll, wielding a +0 spear (heavily wounded, 84% to hit)
The blast of sand hits the gnoll!
You kill the gnoll!
The gnoll hits you from afar with a +0 spear.
* * * LOW HITPOINT WARNING * * *
The gnoll hits you from afar with a +0 spear.
You die...

.......<...####
......#..#>.##
.............######
...........#..#)..##
...........##......##
...........##.......#
...........##.[....(#
##)...###...........#
#.#...###.#....@..##
....#.# #.........#
#..#.. ......gg...#
..#.........#
#...#.(.....#
.#...#....##
?.#...#.$# #...#. ..#


You could see 2 gnolls.

Vanquished Creatures
  A gnoll (D:2)
  A dart slug (D:2)
  2 ball pythons (D:1)
  2 endoplasms (D:2)
  A giant cockroach (D:1)
  6 goblins
  3 jackals (D:1)
  3 kobolds
  2 frilled lizards
  2 rats
23 creatures vanquished.

Notes
Turn   | Place    | Note
-------+----------+-------------------------------------------
     0 | D:1      | Crownlay the Gargoyle Earth Elementalist began the quest
                  | for the Orb.
     0 | D:1      | Reached XP level 1. HP: 10/10 MP: 3/3
   260 | D:1      | Reached skill level 4 in Earth Magic
   417 | D:1      | Reached XP level 2. HP: 15/15 MP: 3/5
   951 | D:2      | Reached skill level 5 in Earth Magic
   951 | D:2      | Reached XP level 3. HP: 19/19 MP: 3/6
  1047 | D:2      | Slain by a gnoll

Illustrated notes

Levels and vault maps discovered:
D:1:      scummos_arrival_simple_fountains, layout_basic,
          hangedman_abyss_or_decor_lesser_grid
D:2:      wad_river_or_something, layout_rooms, hex_medium

Skill      XL: |  1  2 |
---------------+-------+-----
Earth Magic    | 4 5 |  5.1
Dodging        | |  1.5
Stealth        | |  2.1
Spellcasting   | |  2.0
Transmutations | |  0.7

Action                     || total
---------------------------++-------
  Melee: Dagger            ||     2
   Cast: Sandblast         ||    29
 Armour: Robe              ||     3
  Dodge: Dodged            ||     2

Table legend: (Time is in decaauts)
 A = Elapsed time spent in this place.
 B = Non-inter-level travel time spent in this place.
 C = Inter-level travel time spent in this place.
 D = Time resting spent in this place.
 E = Time spent auto-exploring this place.
 F = Levels seen in this place.
 G = Mean time per level.
                   A        B        C        D        E       F      G
               +--------+--------+--------+--------+--------+-----+--------+
         Total |   1060 |   1042 |     18 |      0 |    919 |   2 |  530.0 |
       Dungeon |   1060 |   1042 |     18 |      0 |    919 |   2 |  530.0 |
               +--------+--------+--------+--------+--------+-----+--------+

Top non-repeatable levels by time:
     D:1: 883 daAuts
     D:2: 177 daAuts
